 Dungeon Crawl Stone Soup version 0.25-a0-403-g49d089a364 (webtiles) character file.

Game seed: 2367396975419841227, levelgen mode: deterministic

39 Multipenetrator the Sneak (level 3, -2/27 HPs)
             Began as a Vampire Assassin on Jan 9, 2020.
             Killed from afar by Natasha (7 damage)
             ... with a magic dart
             ... on level 2 of the Dungeon.
             The game lasted 00:06:16 (564 turns).

Multipenetrator the Sneak (Vampire Assassin)         Turns: 564, Time: 00:06:16

Health: -2/27      AC:  3    Str: 11    XL:     3   Next: 28%
Magic:  3/3        EV: 12    Int: 13    God:
Gold:   58         SH:  0    Dex: 15    Spells: 2/2 levels left

rFire    . . .     SeeInvis +   a - +2 dagger
rCold    . . .     Gourm    .   (no shield)
rNeg     . . .     Faith    .   b - +0 robe
rPois    .         Spirit   .   (no helmet)
rElec    .         Reflect  .   c - +0 cloak
rCorr    .         Harm     .   (no gloves)
MR       .....                  (no boots)
Stlth    ++++......             (no amulet)
HPRegen  0.29/turn              (no ring)
MPRegen  0.08/turn              (no ring)

@: regenerating quickly
A: no food, fangs 3, see invisible, unbreathing
a: Exsanguinate


You were on level 2 of the Dungeon.
You were alive.

You visited 1 branch of the dungeon, and saw 2 of its levels.

You collected 58 gold pieces.

Inventory:

Hand Weapons
 a - a +2 dagger (weapon)
Missiles
 d - 6 poisoned darts (quivered)
 e - 7 curare-tipped darts
Armour
 b - a +0 robe (worn)
 c - a +0 cloak (worn)
Scrolls
 f - a scroll of fog {unknown}
 k - a scroll of blinking {unknown}
Potions
 g - a potion of resistance {unknown}
 h - a potion of haste {unknown}
 i - 3 potions of curing {unknown}
 j - a potion of heal wounds {unknown}
 l - 2 potions of magic {unknown}


   Skills:
 + Level 1.9 Fighting
 * Level 2.5 Short Blades
 - Level 1.5 Throwing
 + Level 1.1 Dodging
 * Level 7.4 Stealth


You had 2 spell levels left.
You didn't know any spells.
Your spell library was empty.

Dungeon Overview and Level Annotations

Branches:
Dungeon (2/15)

Altars:

Annotations:
D:2 Natasha


Innate Abilities, Weirdness & Mutations

You do not eat.
Your natural rate of healing is unusually fast.
You have razor-sharp teeth.
You have supernaturally acute eyesight. (SInv)
You can survive without breathing.


Message History

You hit Natasha.
Natasha is moderately wounded.
Natasha misses you.
Natasha zaps a wand.
The puff of flame misses you.
Throwing (i - inventory. (/) - cycle)
d - 8 poisoned darts (quivered)
Press: ? - help, Shift-Dir - straight line, f - Natasha
Aim: Natasha, carrying a wand of flame (18) (moderately wounded)
You throw a poisoned dart.
The poisoned dart barely misses Natasha.
Natasha zaps a wand.
The puff of flame hits you.
* * * LOW HITPOINT WARNING * * *
Throwing (i - inventory. (/) - cycle)
d - 7 poisoned darts (quivered)
Press: ? - help, Shift-Dir - straight line, f/p - Natasha
Aim: Natasha, carrying a wand of flame (17) (moderately wounded)
You throw a poisoned dart.
The poisoned dart barely misses Natasha.
Natasha mewls in sadness.
Natasha casts a spell at you. The magic dart hits you!
You die...

#(#.....# ...#
##.#.....###
#.. ....$...#.#
### #........g
#######.......#
........#.....#
#
#######h##....#
## #
##.......#....
# #%V.##.....#
# #..###.#.###
# ####..#...# #
# #.......### #
####.##...## #
#.....†..## ##
###..###.# ##.
###.## #.# #
..# #.. +...#
#.# . ..#
#####.#


You could see Natasha.

Vanquished Creatures
  An adder (D:2)
  A leopard gecko (D:1)
  A ball python (D:2)
  A giant cockroach (D:1)
  6 goblins
  4 hobgoblins (D:1)
  4 kobolds (D:1)
  4 bats (D:1)
  3 frilled lizards (D:1)
  A rat (D:2)
26 creatures vanquished.

Notes
Turn   | Place    | Note
-------+----------+-------------------------------------------
     0 | D:1      | Multipenetrator the Vampire Assassin began the quest for
                  | the Orb.
     0 | D:1      | Reached XP level 1. HP: 16/16 MP: 1/1
    13 | D:1      | Reached skill level 6 in Stealth
   115 | D:1      | Reached XP level 2. HP: 22/22 MP: 2/2
   342 | D:1      | Reached skill level 7 in Stealth
   483 | D:2      | Reached XP level 3. HP: 27/27 MP: 3/3
   543 | D:2      | Noticed Natasha
   564 | D:2      | Killed from afar by Natasha

Levels and vault maps discovered:
D:1:      lemuel_arrival_rhombus, layout_rooms, minivault_23
D:2:      layout_rooms, minmay_misc_feat_encased, nrook_loot_triangle,
          uniq_natasha

Skill      XL: |  1  2 |
---------------+-------+-----
Stealth        | 6 7 |  7.4
Fighting       | |  1.9
Short Blades   | |  2.5
Throwing       | |  1.5
Dodging        | |  1.1

Action                   || total
-------------------------++-------
Melee: Dagger            ||    62
       Bite              ||     3
Throw: Dart              ||     2
 Stab: Sleeping          ||    11
Armor: Robe              ||     2
Dodge: Dodged            ||    20

Table legend:
 A = Non-vault XP
 B = Vault XP
 C = Vault XP percentage of total XP
 D = Non-vault monster count
 E = Vault monster count
 F = Vault count percentage of total count
                 A         B        C        D         E       F
            +---------+---------+-------+---------+---------+-------
      Total |      57 |       0 |   0.0 |      26 |       0 |   0.0
            +---------+---------+-------+---------+---------+-------
        D:1 |      38 |       0 |   0.0 |      22 |       0 |   0.0
        D:2 |      19 |       0 |   0.0 |       4 |       0 |   0.0
            +---------+---------+-------+---------+---------+-------
